[ AOE2 MATCH · #474685137 ]
UnrankedMongols vs Romans
[ REPLAY ANALYSIS · EXTRACTED FROM THE RECORDED GAME ]
Feudal
14:40
Castle
19:03
Imperial
—
| APM avg | 25.1 |
| APM peak | 59 |
| eAPM avg | 11.6 |
| Villagers / military | 86 / 31 |
Focus
⚔️ 30.3% · 🌾 69.7%
Fishing Ship ×16 · Steppe Lancer ×14 · Mangudai ×13 · Fire Galley ×3 · Scout Cavalry ×1 · Unknown (2626) ×1
Feudal
14:24
Castle
17:54
Imperial
33:15
| APM avg | 44.9 |
| APM peak | 88 |
| eAPM avg | 28.5 |
| Villagers / military | 159 / 64 |
Focus
⚔️ 28.3% · 🌾 71.7%
Knight ×56 · Fishing Ship ×18 · Centurion ×8 · Unknown (2626) ×7
Feudal
13:21
Castle
17:25
Imperial
—
| APM avg | 26.4 |
| APM peak | 57 |
| eAPM avg | 16.1 |
| Villagers / military | 99 / 13 |
Focus
⚔️ 24.0% · 🌾 76.0%
Fishing Ship ×11 · Huskarl ×7 · Mangonel ×5 · Monk ×1
Feudal
12:29
Castle
16:19
Imperial
33:20
| APM avg | 24.2 |
| APM peak | 42 |
| eAPM avg | 12.8 |
| Villagers / military | 62 / 39 |
Focus
⚔️ 37.6% · 🌾 62.4%
Genoese Crossbowman ×33 · Fishing Ship ×9 · Trebuchet (Packed) ×3 · Mangonel ×2 · Monk ×1
Feudal
13:35
Castle
21:06
Imperial
27:58
| APM avg | 35.8 |
| APM peak | 80 |
| eAPM avg | 20.1 |
| Villagers / military | 62 / 81 |
Focus
⚔️ 32.2% · 🌾 67.8%
Samurai ×78 · Fishing Ship ×14 · Trebuchet (Packed) ×3
Feudal
13:20
Castle
16:58
Imperial
—
| APM avg | 57.6 |
| APM peak | 103 |
| eAPM avg | 30.3 |
| Villagers / military | 119 / 35 |
Focus
⚔️ 39.9% · 🌾 60.1%
Galley ×24 · Fishing Ship ×13 · Unknown (2626) ×12 · Fire Galley ×8 · Unknown (2582) ×5 · Unknown (2579) ×3
Feudal
12:22
Castle
19:30
Imperial
34:50
| APM avg | 45.5 |
| APM peak | 89 |
| eAPM avg | 28.5 |
| Villagers / military | 134 / 137 |
Focus
⚔️ 33.4% · 🌾 66.6%
Ratha (Ranged) ×84 · Fire Galley ×36 · Unknown (2626) ×35 · Fishing Ship ×27 · Trebuchet (Packed) ×12 · Demolition Raft ×4
Feudal
13:40
Castle
18:03
Imperial
—
| APM avg | 36.4 |
| APM peak | 67 |
| eAPM avg | 17.8 |
| Villagers / military | 110 / 26 |
Focus
⚔️ 28.0% · 🌾 72.0%
Hussite Wagon ×18 · Knight ×7 · Fishing Ship ×4 · Monk ×1
Match map
Initial resources + every placement click. Lines = walls · curves = elevation contours. ◆ gold · ⬟ stone · ● berries · ✦ relic · ◌ wall gap
Your base· Open — unwalled flank
Aleko's base· Open — 5t gap
HR petro's base· Open — unwalled flank
HR Fast_PIG's base· Open — unwalled flank
River Plate 09-12-18's base· Open — unwalled flank
ids_BARR2's base· Open — 8t gap
HR | piko's base· Open — 5t gap
[ GG ] Modesto's base· Open — unwalled flank
Smoothed initial terrain · ◌ = detected wall gap · hover for details
Inputs per minute
— Boogensville - - Aleko
Build order — Boogensville
First 150 of 224 actions detected
| 0:18 | Build | Town Center |
| 0:26 | Build | House |
| 1:16 | Build | Dock |
| 2:32 | Build | House |
| 2:51 | Create | Villager (Male) |
| 2:52 | Create | Villager (Male) |
| 2:52 | Create | Villager (Male) |
| 3:37 | Create | Villager (Male) |
| 4:18 | Create | Fishing Ship |
| 4:44 | Create | Villager (Male) |
| 5:06 | Create | Villager (Male) |
| 5:11 | Create | Fishing Ship |
| 5:37 | Create | Villager (Male) |
| 6:07 | Create | Villager (Male) |
| 6:11 | Build | House |
| 6:24 | Build | Palisade Wall |
| 6:29 | Create | Fishing Ship |
| 6:39 | Create | Villager (Male) |
| 7:02 | Create | Fishing Ship |
| 7:05 | Create | Villager (Male) |
| 7:38 | Create | Villager (Male) |
| 7:41 | Build | Mill |
| 7:54 | Create | Fishing Ship |
| 7:57 | Build | House |
| 8:09 | Create | Villager (Male) |
| 8:38 | Create | Villager (Male) |
| 8:38 | Create | Villager (Male) |
| 8:50 | Create | Fishing Ship |
| 9:12 | Create | Villager (Male) |
| 9:21 | Build | House |
| 9:25 | Create | Fishing Ship |
| 9:43 | Create | Villager (Male) |
| 9:55 | Build | Mill |
| 10:11 | Build | Farm |
| 10:13 | Create | Villager (Male) |
| 10:39 | Create | Villager (Male) |
| 10:41 | Create | Fishing Ship |
| 10:44 | Build | House |
| 10:55 | Build | Palisade Wall |
| 11:03 | Build | Palisade Wall |
| 11:05 | Build | Palisade Wall |
| 11:15 | Create | Villager (Male) |
| 11:37 | Create | Fishing Ship |
| 11:38 | Create | Villager (Male) |
| 11:42 | Research | Loom |
| 12:03 | Build | Dock |
| 12:19 | Research | Feudal Age |
| 13:11 | Build | Barracks |
| 13:26 | Build | Mining Camp |
| 14:11 | Build | House |
| 14:15 | Build | House |
| 14:27 | Build | Building 796 |
| 14:31 | Build | Palisade Wall |
| 14:33 | Create | Villager (Male) |
| 14:40 | Age | Feudal Age |
| 14:48 | Create | Villager (Male) |
| 15:03 | Build | Market |
| 15:25 | Create | Villager (Male) |
| 15:36 | Build | Blacksmith |
| 15:45 | Create | Villager (Male) |
| 15:56 | Research | Tech 906 |
| 16:21 | Create | Villager (Male) |
| 16:23 | Research | Castle Age |
| 16:32 | Build | Lumber Camp |
| 17:13 | Research | Double-Bit Axe |
| 17:21 | Build | Stable |
| 18:01 | Build | Stone Wall |
| 18:13 | Build | Stone Wall |
| 18:19 | Build | Stable |
| 18:23 | Create | Villager (Male) |
| 18:24 | Research | Bloodlines |
| 18:29 | Research | Scale Barding Armor |
| 18:59 | Create | Fishing Ship |
| 18:59 | Create | Fishing Ship |
| 19:03 | Age | Castle Age |
| 19:09 | Research | Husbandry |
| 19:10 | Create | Steppe Lancer |
| 19:10 | Create | Steppe Lancer |
| 19:16 | Build | House |
| 19:17 | Build | Palisade Wall |
| 19:21 | Research | Gillnets |
| 19:23 | Research | Bow Saw |
| 19:24 | Create | Villager (Male) |
| 19:25 | Create | Villager (Male) |
| 19:33 | Build | House |
| 19:34 | Build | House |
| 20:02 | Create | Steppe Lancer |
| 20:02 | Create | Steppe Lancer |
| 20:21 | Create | Villager (Male) |
| 20:27 | Build | Watch Tower |
| 20:30 | Create | Villager (Male) |
| 20:47 | Build | Siege Workshop |
| 20:53 | Create | Villager (Male) |
| 20:54 | Create | Villager (Male) |
| 21:25 | Create | Villager (Male) |
| 21:30 | Create | Scout Cavalry |
| 21:36 | Create | Steppe Lancer |
| 22:09 | Create | Steppe Lancer |
| 22:09 | Create | Steppe Lancer |
| 22:54 | Build | Town Center |
| 23:06 | Create | Steppe Lancer |
| 23:07 | Create | Steppe Lancer |
| 23:40 | Create | Villager (Male) |
| 23:40 | Create | Villager (Male) |
| 23:46 | Build | Dock |
| 24:07 | Create | Villager (Male) |
| 24:10 | Build | House |
| 24:11 | Build | House |
| 24:19 | Create | Villager (Male) |
| 24:20 | Create | Villager (Male) |
| 25:11 | Create | Steppe Lancer |
| 25:11 | Create | Steppe Lancer |
| 25:34 | Build | Palisade Wall |
| 25:49 | Create | Villager (Male) |
| 25:49 | Create | Villager (Male) |
| 26:11 | Research | Forging |
| 26:20 | Create | Villager (Male) |
| 26:49 | Build | Farm |
| 26:51 | Build | Farm |
| 26:55 | Build | Farm |
| 26:59 | Create | Villager (Male) |
| 26:59 | Create | Villager (Male) |
| 27:03 | Create | Fishing Ship |
| 27:03 | Create | Fishing Ship |
| 27:08 | Build | Dock |
| 27:45 | Create | Villager (Male) |
| 27:46 | Create | Villager (Male) |
| 27:46 | Create | Villager (Male) |
| 27:56 | Create | Villager (Male) |
| 28:09 | Build | Castle |
| 28:13 | Build | Town Center |
| 28:35 | Create | Villager (Male) |
| 28:35 | Create | Villager (Male) |
| 28:37 | Build | House |
| 28:38 | Build | House |
| 28:38 | Build | House |
| 28:38 | Build | House |
| 28:39 | Build | House |
| 28:39 | Build | House |
| 28:39 | Build | House |
| 28:39 | Build | House |
| 28:40 | Build | House |
| 29:07 | Research | War Galley (upgrade) |
| 29:09 | Create | Unit 2626 |
| 29:13 | Create | Villager (Male) ×5 |
| 29:45 | Create | Villager (Male) |
| 29:57 | Build | Mining Camp |
| 30:17 | Create | Fire Galley |
| 30:17 | Create | Fire Galley |
| 30:17 | Create | Fire Galley |
Build order — Aleko
First 150 of 435 actions detected
| 0:16 | Build | Town Center |
| 0:55 | Build | Dock |
| 0:57 | Build | House |
| 2:29 | Create | Villager (Male) |
| 2:29 | Create | Villager (Male) |
| 2:29 | Create | Villager (Male) |
| 2:30 | Create | Villager (Male) |
| 2:30 | Create | Villager (Male) |
| 3:25 | Create | Fishing Ship |
| 3:55 | Research | Loom |
| 3:56 | Create | Villager (Male) |
| 4:07 | Build | House |
| 4:34 | Build | Palisade Wall |
| 5:07 | Create | Villager (Male) |
| 5:24 | Create | Villager (Male) |
| 5:39 | Create | Fishing Ship |
| 5:54 | Create | Villager (Male) |
| 6:05 | Build | House |
| 6:10 | Create | Villager (Male) |
| 6:10 | Create | Villager (Male) |
| 6:29 | Create | Fishing Ship |
| 6:43 | Create | Villager (Male) |
| 6:43 | Create | Villager (Male) |
| 6:56 | Create | Villager (Male) |
| 7:10 | Create | Fishing Ship |
| 7:24 | Create | Villager (Male) |
| 7:25 | Create | Villager (Male) |
| 7:28 | Build | House |
| 7:43 | Create | Villager (Male) |
| 7:48 | Create | Fishing Ship |
| 8:00 | Build | Palisade Wall |
| 8:09 | Create | Villager (Male) |
| 8:22 | Create | Fishing Ship |
| 8:23 | Create | Villager (Male) |
| 8:23 | Create | Villager (Male) |
| 8:28 | Create | Villager (Male) |
| 8:39 | Build | House |
| 8:48 | Create | Villager (Male) |
| 9:02 | Create | Villager (Male) |
| 9:08 | Build | House |
| 9:21 | Build | House |
| 9:25 | Create | Fishing Ship |
| 9:36 | Create | Villager (Male) |
| 9:44 | Build | Palisade Wall |
| 9:59 | Create | Villager (Male) |
| 10:10 | Create | Villager (Male) |
| 10:16 | Create | Villager (Male) |
| 10:18 | Create | Fishing Ship |
| 10:38 | Create | Villager (Male) |
| 10:47 | Build | Mill |
| 11:09 | Build | House |
| 11:15 | Build | House |
| 11:21 | Create | Villager (Male) |
| 11:26 | Build | Lumber Camp |
| 11:38 | Create | Villager (Male) |
| 11:45 | Build | Dock |
| 11:47 | Create | Fishing Ship |
| 11:52 | Create | Villager (Male) |
| 12:14 | Research | Feudal Age |
| 12:24 | Create | Fishing Ship |
| 12:25 | Create | Fishing Ship |
| 13:15 | Build | Mining Camp |
| 13:52 | Create | Villager (Male) |
| 13:58 | Build | Palisade Wall |
| 14:05 | Build | Palisade Wall |
| 14:12 | Create | Villager (Male) |
| 14:24 | Age | Feudal Age |
| 14:29 | Build | Market |
| 14:32 | Build | Blacksmith |
| 14:41 | Build | Palisade Wall |
| 14:50 | Build | Mining Camp |
| 14:59 | Build | House |
| 15:13 | Research | Castle Age |
| 15:47 | Build | Stone Wall |
| 15:59 | Research | Double-Bit Axe |
| 15:59 | Research | Double-Bit Axe |
| 16:04 | Build | Mill |
| 16:40 | Create | Villager (Male) |
| 17:32 | Create | Villager (Male) |
| 17:40 | Build | Stone Wall |
| 17:54 | Age | Castle Age |
| 17:57 | Create | Villager (Male) |
| 17:59 | Create | Villager (Male) |
| 18:30 | Create | Villager (Male) |
| 19:02 | Build | Castle |
| 19:28 | Create | Villager (Male) |
| 19:29 | Research | Bow Saw |
| 19:29 | Research | Bow Saw |
| 19:42 | Create | Villager (Male) |
| 19:43 | Create | Villager (Male) |
| 19:47 | Build | Town Center |
| 19:58 | Research | Tech 906 |
| 20:13 | Create | Villager (Male) |
| 20:20 | Research | Horse Collar |
| 20:31 | Create | Villager (Male) |
| 20:43 | Create | Centurion |
| 21:07 | Create | Villager (Male) |
| 21:08 | Create | Villager (Male) |
| 21:09 | Create | Villager (Male) |
| 21:13 | Build | Dock |
| 21:30 | Create | Villager (Male) |
| 21:31 | Create | Villager (Male) |
| 21:38 | Create | Villager (Male) |
| 21:45 | Create | Villager (Male) |
| 21:56 | Build | Town Center |
| 21:59 | Create | Villager (Male) |
| 22:04 | Create | Unit 2626 |
| 22:05 | Create | Unit 2626 |
| 22:09 | Build | Farm |
| 22:10 | Build | Farm |
| 22:11 | Build | Farm |
| 22:12 | Build | Farm |
| 22:12 | Build | Farm |
| 22:16 | Create | Villager (Male) |
| 22:16 | Create | Villager (Male) |
| 22:28 | Build | House |
| 22:37 | Create | Villager (Male) |
| 22:39 | Build | Farm |
| 22:46 | Create | Villager (Male) |
| 22:47 | Create | Villager (Male) |
| 22:48 | Create | Villager (Male) |
| 23:06 | Build | Town Center |
| 23:09 | Research | Gold Mining |
| 23:10 | Create | Villager (Male) |
| 23:21 | Create | Villager (Male) |
| 23:21 | Create | Villager (Male) |
| 23:49 | Build | Building 673 |
| 23:51 | Create | Villager (Male) |
| 23:52 | Create | Villager (Male) |
| 23:52 | Create | Villager (Male) |
| 24:07 | Build | Dock |
| 24:09 | Create | Villager (Male) |
| 24:09 | Create | Villager (Male) |
| 24:14 | Create | Villager (Male) |
| 24:22 | Build | Farm |
| 24:23 | Build | Farm |
| 24:24 | Build | Farm |
| 24:34 | Create | Villager (Male) |
| 24:36 | Build | Lumber Camp |
| 24:49 | Research | Gillnets |
| 24:53 | Build | Farm |
| 24:54 | Build | Farm |
| 24:55 | Build | Farm |
| 24:57 | Create | Villager (Male) |
| 25:19 | Create | Fishing Ship |
| 25:20 | Create | Fishing Ship |
| 25:23 | Create | Villager (Male) |
| 25:23 | Create | Villager (Male) |
| 25:26 | Build | Farm |
| 25:31 | Build | Farm |
Build order — HR petro
First 150 of 231 actions detected
| 0:14 | Build | Town Center |
| 0:29 | Build | Dock |
| 0:35 | Build | House |
| 2:35 | Create | Villager (Male) |
| 2:39 | Research | Loom |
| 2:39 | Create | Villager (Male) |
| 2:39 | Create | Villager (Male) |
| 2:39 | Create | Villager (Male) |
| 2:40 | Create | Villager (Male) |
| 2:40 | Create | Villager (Male) |
| 3:31 | Create | Villager (Male) |
| 3:59 | Create | Fishing Ship |
| 4:18 | Build | House |
| 5:09 | Create | Villager (Male) |
| 5:30 | Create | Fishing Ship |
| 5:30 | Create | Fishing Ship |
| 5:43 | Create | Villager (Male) |
| 6:01 | Create | Fishing Ship |
| 6:10 | Create | Villager (Male) |
| 6:19 | Build | House |
| 6:30 | Create | Villager (Male) |
| 6:31 | Create | Villager (Male) |
| 6:56 | Create | Villager (Male) |
| 7:00 | Create | Fishing Ship |
| 7:13 | Create | Villager (Male) |
| 7:13 | Create | Villager (Male) |
| 7:29 | Build | House |
| 7:36 | Create | Villager (Male) |
| 7:36 | Create | Villager (Male) |
| 7:42 | Create | Fishing Ship |
| 7:42 | Create | Fishing Ship |
| 8:05 | Create | Villager (Male) |
| 8:05 | Create | Villager (Male) |
| 8:06 | Create | Villager (Male) |
| 8:28 | Build | House |
| 8:33 | Create | Villager (Male) |
| 8:41 | Create | Fishing Ship |
| 9:05 | Create | Villager (Male) |
| 9:26 | Build | Mill |
| 10:02 | Create | Villager (Male) |
| 10:14 | Build | Mining Camp |
| 10:42 | Create | Villager (Male) |
| 11:00 | Research | Feudal Age |
| 11:30 | Build | House |
| 12:06 | Create | Fishing Ship |
| 12:37 | Create | Villager (Male) |
| 12:38 | Create | Villager (Male) |
| 13:07 | Create | Fishing Ship |
| 13:08 | Create | Fishing Ship |
| 13:21 | Age | Feudal Age |
| 13:25 | Build | Market |
| 13:35 | Build | Blacksmith |
| 14:13 | Create | Villager (Male) |
| 14:21 | Build | House |
| 14:45 | Research | Castle Age |
| 14:57 | Build | Palisade Wall |
| 15:03 | Build | Mining Camp |
| 15:15 | Research | Tech 906 |
| 15:15 | Research | Tech 906 |
| 15:40 | Build | Outpost |
| 15:58 | Build | Palisade Wall |
| 16:00 | Build | Palisade Wall |
| 16:07 | Build | House |
| 16:11 | Build | Palisade Wall |
| 16:21 | Build | Palisade Wall |
| 16:34 | Research | Town Watch |
| 16:42 | Build | Outpost |
| 17:09 | Create | Villager (Male) |
| 17:25 | Age | Castle Age |
| 17:35 | Build | Castle |
| 18:07 | Build | Castle |
| 18:11 | Create | Villager (Male) |
| 18:19 | Create | Villager (Male) |
| 18:46 | Research | Scale Mail Armor |
| 19:04 | Create | Huskarl |
| 19:04 | Create | Huskarl |
| 19:27 | Create | Huskarl |
| 20:05 | Create | Villager (Male) |
| 20:05 | Create | Villager (Male) |
| 20:57 | Create | Villager (Male) |
| 20:57 | Create | Villager (Male) |
| 21:13 | Build | Town Center |
| 21:49 | Build | Siege Workshop |
| 22:33 | Create | Villager (Male) |
| 22:40 | Create | Villager (Male) |
| 22:52 | Create | Villager (Male) |
| 23:11 | Create | Mangonel |
| 23:30 | Create | Villager (Male) |
| 23:31 | Create | Villager (Male) |
| 23:46 | Build | Lumber Camp |
| 24:13 | Create | Villager (Male) |
| 24:35 | Create | Villager (Male) |
| 25:18 | Create | Villager (Male) |
| 25:33 | Build | Farm |
| 25:34 | Build | Farm |
| 25:35 | Build | Farm |
| 25:37 | Build | Farm |
| 25:39 | Build | Farm |
| 26:19 | Build | Farm |
| 26:24 | Create | Mangonel |
| 26:51 | Research | Fletching |
| 26:53 | Create | Villager (Male) |
| 27:15 | Create | Villager (Male) |
| 27:55 | Build | Town Center |
| 28:04 | Create | Villager (Male) |
| 28:24 | Create | Villager (Male) |
| 28:50 | Create | Villager (Male) |
| 28:50 | Create | Villager (Male) |
| 29:00 | Create | Villager (Male) |
| 29:02 | Build | House |
| 29:05 | Build | House |
| 29:12 | Create | Villager (Male) |
| 29:33 | Build | Outpost |
| 29:35 | Build | Outpost |
| 29:38 | Build | Outpost |
| 29:42 | Build | Farm |
| 29:42 | Build | Farm |
| 29:42 | Build | Farm |
| 30:03 | Build | Outpost |
| 30:10 | Build | House |
| 30:13 | Build | House |
| 30:15 | Create | Villager (Male) |
| 30:15 | Create | Villager (Male) |
| 30:16 | Create | Villager (Male) |
| 30:44 | Build | Mill |
| 30:47 | Create | Villager (Male) |
| 30:54 | Create | Villager (Male) |
| 31:02 | Create | Villager (Male) |
| 31:06 | Create | Mangonel |
| 31:26 | Create | Villager (Male) |
| 31:27 | Create | Villager (Male) |
| 31:40 | Create | Huskarl |
| 31:40 | Create | Huskarl |
| 31:54 | Build | Town Center |
| 32:22 | Create | Villager (Male) |
| 32:22 | Create | Villager (Male) |
| 32:22 | Create | Villager (Male) |
| 32:26 | Create | Villager (Male) |
| 32:28 | Build | Lumber Camp |
| 32:37 | Build | Outpost |
| 32:48 | Create | Villager (Male) |
| 32:49 | Create | Villager (Male) |
| 32:56 | Create | Villager (Male) |
| 33:37 | Create | Mangonel |
| 33:39 | Create | Villager (Male) |
| 33:39 | Create | Villager (Male) |
| 33:42 | Build | House |
| 33:50 | Build | Mill |
| 33:55 | Create | Villager (Male) |
| 33:59 | Research | Double-Bit Axe |
Build order — HR Fast_PIG
First 150 of 205 actions detected
| 0:50 | Build | Town Center |
| 1:28 | Build | Dock |
| 2:12 | Build | House |
| 2:55 | Create | Villager (Male) ×4 |
| 4:04 | Create | Fishing Ship |
| 4:04 | Create | Fishing Ship |
| 4:25 | Create | Villager (Male) |
| 4:51 | Build | House |
| 4:57 | Create | Villager (Male) |
| 4:57 | Create | Villager (Male) |
| 5:25 | Create | Villager (Male) |
| 5:39 | Create | Fishing Ship |
| 5:39 | Create | Fishing Ship |
| 5:42 | Create | Villager (Male) |
| 6:02 | Create | Villager (Male) |
| 6:21 | Build | House |
| 6:29 | Create | Villager (Male) |
| 6:37 | Create | Fishing Ship |
| 6:37 | Create | Fishing Ship |
| 6:55 | Create | Villager (Male) |
| 6:55 | Create | Villager (Male) |
| 7:04 | Build | House |
| 7:10 | Build | House |
| 7:25 | Create | Fishing Ship |
| 7:29 | Create | Villager (Male) |
| 7:41 | Create | Villager (Male) |
| 7:53 | Build | Palisade Wall |
| 8:10 | Create | Villager (Male) |
| 8:15 | Create | Fishing Ship |
| 8:44 | Create | Fishing Ship |
| 8:45 | Create | Villager (Male) |
| 9:01 | Build | House |
| 9:08 | Create | Villager (Male) |
| 9:24 | Build | House |
| 9:37 | Build | Mill |
| 9:39 | Create | Villager (Male) |
| 9:56 | Build | House |
| 9:59 | Build | Palisade Wall |
| 10:19 | Research | Feudal Age |
| 10:19 | Research | Feudal Age |
| 10:48 | Build | Mining Camp |
| 11:04 | Build | Palisade Wall |
| 11:06 | Build | Palisade Wall |
| 11:08 | Build | Palisade Wall |
| 12:29 | Age | Feudal Age |
| 12:31 | Create | Villager (Male) |
| 12:34 | Build | Blacksmith |
| 12:45 | Build | Market |
| 12:56 | Build | Mining Camp |
| 12:57 | Create | Villager (Male) |
| 13:30 | Build | Palisade Wall |
| 13:37 | Build | Palisade Wall |
| 13:39 | Research | Castle Age |
| 14:05 | Research | Loom |
| 14:36 | Research | Fletching |
| 14:40 | Build | Lumber Camp |
| 15:31 | Build | Outpost |
| 15:36 | Build | Outpost |
| 15:39 | Build | Outpost |
| 15:41 | Build | Outpost |
| 15:47 | Research | Double-Bit Axe |
| 15:47 | Research | Double-Bit Axe |
| 16:10 | Research | Town Watch |
| 16:11 | Build | House |
| 16:19 | Age | Castle Age |
| 16:32 | Build | Castle |
| 16:32 | Create | Villager (Male) |
| 16:43 | Research | Bow Saw |
| 16:49 | Build | House |
| 17:14 | Build | Building 796 |
| 17:34 | Build | Outpost |
| 17:39 | Build | Outpost |
| 17:41 | Create | Genoese Crossbowman |
| 17:41 | Create | Genoese Crossbowman |
| 17:42 | Create | Genoese Crossbowman |
| 17:58 | Build | Palisade Wall |
| 18:01 | Create | Genoese Crossbowman |
| 18:30 | Create | Villager (Male) |
| 18:35 | Build | Siege Workshop |
| 18:48 | Create | Genoese Crossbowman |
| 18:49 | Create | Villager (Male) |
| 18:56 | Build | House |
| 18:58 | Build | Palisade Wall |
| 19:00 | Create | Villager (Male) |
| 19:14 | Build | Dock |
| 19:33 | Create | Mangonel |
| 19:36 | Build | Outpost |
| 19:44 | Create | Villager (Male) |
| 19:54 | Create | Villager (Male) |
| 20:19 | Create | Mangonel |
| 20:21 | Build | House |
| 20:54 | Create | Genoese Crossbowman |
| 20:55 | Create | Genoese Crossbowman |
| 20:55 | Create | Genoese Crossbowman |
| 21:02 | Build | Monastery |
| 21:05 | Create | Villager (Male) |
| 21:12 | Build | House |
| 21:13 | Build | House |
| 21:30 | Create | Genoese Crossbowman |
| 21:38 | Create | Villager (Male) |
| 21:47 | Create | Genoese Crossbowman |
| 21:48 | Create | Monk |
| 21:51 | Build | House |
| 22:04 | Create | Villager (Male) |
| 22:07 | Build | House |
| 22:16 | Build | Farm |
| 22:18 | Build | Farm |
| 22:41 | Create | Villager (Male) |
| 22:44 | Build | Farm |
| 22:45 | Build | Farm |
| 22:48 | Build | Lumber Camp |
| 23:06 | Create | Genoese Crossbowman |
| 23:12 | Build | Farm |
| 23:14 | Build | Farm |
| 23:23 | Build | Farm |
| 23:38 | Create | Villager (Male) |
| 23:38 | Create | Genoese Crossbowman |
| 23:56 | Build | Town Center |
| 24:13 | Create | Genoese Crossbowman |
| 24:15 | Create | Villager (Male) |
| 24:21 | Build | Farm |
| 24:33 | Build | Outpost |
| 24:36 | Build | Outpost |
| 24:42 | Create | Genoese Crossbowman |
| 24:45 | Create | Villager (Male) |
| 25:05 | Build | Farm |
| 25:08 | Build | Farm |
| 25:10 | Build | Farm |
| 25:15 | Create | Villager (Male) |
| 25:54 | Create | Villager (Male) |
| 25:54 | Create | Villager (Male) |
| 26:07 | Create | Genoese Crossbowman |
| 26:09 | Create | Villager (Male) |
| 26:18 | Create | Villager (Male) |
| 26:26 | Build | Farm |
| 26:28 | Create | Villager (Male) |
| 26:31 | Create | Genoese Crossbowman |
| 26:35 | Build | Farm |
| 26:38 | Build | Farm |
| 26:44 | Create | Genoese Crossbowman |
| 26:45 | Create | Genoese Crossbowman |
| 27:31 | Create | Villager (Male) |
| 27:34 | Create | Villager (Male) |
| 27:39 | Create | Villager (Male) |
| 27:45 | Create | Genoese Crossbowman |
| 27:53 | Create | Genoese Crossbowman |
| 27:56 | Build | University |
| 28:19 | Create | Genoese Crossbowman |
| 28:21 | Create | Villager (Male) |
| 28:29 | Create | Villager (Male) |
Build order — River Plate 09-12-18
First 150 of 248 actions detected
| 0:12 | Build | House |
| 0:17 | Build | Town Center |
| 0:56 | Build | Dock |
| 2:39 | Create | Villager (Male) |
| 2:39 | Create | Villager (Male) |
| 2:40 | Create | Villager (Male) |
| 2:40 | Create | Villager (Male) |
| 2:40 | Create | Villager (Male) |
| 3:46 | Create | Villager (Male) |
| 3:46 | Create | Villager (Male) |
| 3:57 | Create | Fishing Ship |
| 4:38 | Create | Villager (Male) |
| 4:39 | Create | Villager (Male) |
| 4:50 | Research | Loom |
| 4:56 | Build | House |
| 5:15 | Create | Villager (Male) |
| 5:16 | Create | Villager (Male) |
| 5:28 | Create | Villager (Male) |
| 5:48 | Create | Fishing Ship |
| 5:53 | Create | Villager (Male) |
| 6:20 | Create | Fishing Ship |
| 6:24 | Create | Villager (Male) |
| 6:24 | Create | Villager (Male) |
| 6:41 | Build | House |
| 7:16 | Create | Fishing Ship |
| 7:22 | Create | Villager (Male) |
| 7:22 | Create | Villager (Male) |
| 7:42 | Build | House |
| 7:45 | Create | Villager (Male) |
| 7:49 | Create | Fishing Ship |
| 7:53 | Build | House |
| 8:41 | Create | Villager (Male) |
| 8:55 | Create | Fishing Ship |
| 9:09 | Build | Mill |
| 9:16 | Create | Villager (Male) |
| 9:28 | Create | Fishing Ship |
| 9:31 | Create | Villager (Male) |
| 10:03 | Build | Palisade Wall |
| 10:05 | Build | Palisade Wall |
| 10:13 | Create | Villager (Male) |
| 10:33 | Build | Building 796 |
| 10:47 | Create | Villager (Male) |
| 10:50 | Build | Mining Camp |
| 11:25 | Research | Feudal Age |
| 12:09 | Build | House |
| 12:13 | Create | Fishing Ship |
| 12:50 | Build | Building 804 |
| 12:54 | Build | Palisade Wall |
| 13:00 | Create | Villager (Male) |
| 13:01 | Create | Villager (Male) |
| 13:07 | Create | Fishing Ship |
| 13:35 | Age | Feudal Age |
| 13:39 | Research | Town Watch |
| 13:43 | Build | Watch Tower |
| 13:53 | Create | Villager (Male) |
| 13:53 | Create | Villager (Male) |
| 13:53 | Create | Villager (Male) |
| 13:54 | Create | Villager (Male) |
| 14:11 | Create | Villager (Male) |
| 14:38 | Create | Villager (Male) |
| 14:40 | Build | Farm |
| 14:40 | Build | Farm |
| 14:41 | Build | Farm |
| 14:41 | Build | Farm |
| 15:19 | Build | Watch Tower |
| 15:29 | Build | House |
| 15:30 | Create | Villager (Male) |
| 15:57 | Build | Market |
| 16:55 | Build | Building 804 |
| 16:59 | Build | House |
| 17:06 | Create | Villager (Male) |
| 17:06 | Create | Villager (Male) |
| 17:12 | Build | Watch Tower |
| 17:18 | Build | Palisade Wall |
| 17:19 | Build | Palisade Wall |
| 17:37 | Build | Blacksmith |
| 18:26 | Research | Castle Age |
| 18:55 | Build | Lumber Camp |
| 19:03 | Build | House |
| 19:28 | Research | Gold Mining |
| 19:50 | Build | Watch Tower |
| 20:21 | Build | Watch Tower |
| 20:33 | Build | Dock |
| 21:03 | Create | Villager (Male) |
| 21:06 | Age | Castle Age |
| 21:14 | Build | House |
| 21:19 | Create | Villager (Male) |
| 21:37 | Build | Castle |
| 21:44 | Build | Farm |
| 21:47 | Create | Villager (Male) |
| 21:50 | Create | Fishing Ship |
| 21:50 | Create | Fishing Ship |
| 21:53 | Build | House |
| 22:17 | Create | Villager (Male) |
| 22:24 | Build | House |
| 23:27 | Build | Dock |
| 23:46 | Build | Dock |
| 24:07 | Build | Stone Wall |
| 24:18 | Build | Farm |
| 24:24 | Create | Fishing Ship |
| 24:48 | Research | Imperial Age |
| 24:48 | Research | Imperial Age |
| 25:09 | Create | Samurai |
| 25:10 | Create | Samurai |
| 25:24 | Create | Fishing Ship |
| 25:24 | Create | Fishing Ship |
| 25:31 | Create | Samurai |
| 25:31 | Create | Samurai |
| 25:31 | Create | Samurai |
| 25:41 | Research | Fletching |
| 25:50 | Build | Lumber Camp |
| 25:53 | Create | Samurai |
| 25:54 | Create | Samurai |
| 26:07 | Create | Samurai |
| 26:08 | Create | Samurai |
| 26:08 | Create | Samurai |
| 26:26 | Create | Samurai |
| 26:27 | Create | Samurai |
| 26:27 | Create | Samurai |
| 26:42 | Create | Samurai |
| 26:43 | Create | Samurai |
| 27:29 | Create | Samurai |
| 27:29 | Create | Samurai |
| 27:30 | Create | Samurai |
| 27:32 | Create | Villager (Male) |
| 27:32 | Create | Villager (Male) |
| 27:48 | Research | Scale Mail Armor |
| 27:58 | Age | Imperial Age |
| 28:02 | Create | Trebuchet (Packed) |
| 28:15 | Create | Villager (Male) |
| 28:15 | Create | Villager (Male) |
| 28:30 | Create | Trebuchet (Packed) |
| 28:44 | Build | Building 487 |
| 28:51 | Build | Stone Wall |
| 29:10 | Create | Villager (Male) |
| 29:10 | Create | Villager (Male) |
| 29:12 | Research | Chain Mail Armor |
| 29:27 | Build | Stone Wall |
| 29:41 | Create | Trebuchet (Packed) |
| 30:06 | Build | Stone Wall |
| 30:21 | Create | Villager (Male) |
| 30:21 | Create | Villager (Male) |
| 30:36 | Create | Samurai |
| 30:36 | Create | Samurai |
| 30:37 | Create | Samurai |
| 30:37 | Create | Samurai |
| 30:37 | Create | Samurai |
| 30:46 | Build | Town Center |
| 30:57 | Create | Samurai |
| 30:58 | Create | Samurai |
Build order — ids_BARR2
First 150 of 273 actions detected
| 0:12 | Build | Town Center |
| 0:41 | Build | Dock |
| 2:10 | Build | House |
| 2:37 | Create | Villager (Male) ×4 |
| 2:45 | Create | Villager (Male) |
| 3:30 | Create | Fishing Ship |
| 4:07 | Build | House |
| 4:36 | Create | Villager (Male) |
| 4:58 | Create | Fishing Ship |
| 4:58 | Create | Fishing Ship |
| 5:12 | Research | Loom |
| 5:32 | Create | Villager (Male) |
| 5:40 | Build | House |
| 5:42 | Create | Fishing Ship |
| 6:04 | Create | Villager (Male) |
| 6:04 | Create | Villager (Male) |
| 6:32 | Create | Villager (Male) |
| 6:32 | Create | Villager (Male) |
| 6:35 | Create | Fishing Ship |
| 7:00 | Create | Villager (Male) |
| 7:03 | Create | Fishing Ship |
| 7:04 | Create | Fishing Ship |
| 7:23 | Create | Villager (Male) |
| 7:23 | Create | Villager (Male) |
| 7:27 | Build | House |
| 7:49 | Create | Villager (Male) |
| 7:57 | Create | Fishing Ship |
| 8:14 | Create | Villager (Male) |
| 8:21 | Create | Villager (Male) |
| 8:22 | Create | Villager (Male) |
| 8:26 | Build | House |
| 8:41 | Create | Fishing Ship |
| 8:47 | Create | Villager (Male) |
| 9:19 | Create | Fishing Ship |
| 9:43 | Create | Villager (Male) |
| 9:55 | Build | Settlement |
| 10:03 | Create | Villager (Male) |
| 10:44 | Create | Villager (Male) |
| 10:52 | Build | Settlement |
| 11:09 | Research | Feudal Age |
| 12:20 | Build | Dock |
| 12:58 | Create | Villager (Male) |
| 12:58 | Create | Villager (Male) |
| 13:20 | Age | Feudal Age |
| 13:26 | Build | Market |
| 13:32 | Build | Blacksmith |
| 13:40 | Research | Double-Bit Axe |
| 14:00 | Build | Dock |
| 14:18 | Research | Castle Age |
| 14:50 | Build | Barracks |
| 15:15 | Create | Unit 2626 |
| 15:21 | Create | Unit 2626 |
| 16:01 | Create | Unit 2626 |
| 16:05 | Create | Demolition Raft |
| 16:15 | Build | Outpost |
| 16:40 | Research | Town Watch |
| 16:44 | Create | Unit 2626 |
| 16:48 | Build | Outpost |
| 16:58 | Age | Castle Age |
| 17:09 | Research | War Galley (upgrade) |
| 17:17 | Create | Unit 2582 |
| 17:18 | Create | Unit 2582 |
| 17:28 | Create | Villager (Male) |
| 17:33 | Build | Siege Workshop |
| 17:36 | Create | Villager (Male) |
| 17:55 | Create | Unit 2582 |
| 17:55 | Create | Unit 2582 |
| 18:20 | Build | Monastery |
| 18:27 | Create | Villager (Male) |
| 18:29 | Create | Villager (Male) |
| 18:37 | Create | Villager (Male) |
| 18:59 | Create | Unit 2626 |
| 19:09 | Create | Villager (Male) |
| 19:14 | Create | Villager (Male) |
| 19:17 | Create | Monk |
| 19:21 | Build | House |
| 19:25 | Research | Wheelbarrow |
| 19:40 | Create | Villager (Male) |
| 19:50 | Create | Monk |
| 19:58 | Create | Unit 2626 |
| 20:03 | Create | Villager (Male) |
| 20:08 | Build | House |
| 20:22 | Create | Unit 2626 |
| 20:30 | Create | Villager (Male) |
| 20:46 | Create | Unit 2582 |
| 20:48 | Research | Horse Collar |
| 20:49 | Create | Villager (Male) |
| 21:07 | Create | Galley |
| 21:13 | Create | Villager (Male) |
| 21:28 | Create | Villager (Male) |
| 21:40 | Create | Galley |
| 21:48 | Build | Dock |
| 21:56 | Research | Fletching |
| 22:06 | Create | Villager (Male) |
| 22:16 | Create | Galley |
| 22:31 | Build | House |
| 22:32 | Build | House |
| 22:35 | Research | Bodkin Arrow |
| 22:41 | Create | Unit 2626 |
| 22:50 | Build | House |
| 22:50 | Build | House |
| 22:56 | Create | Galley |
| 22:56 | Create | Galley |
| 22:59 | Create | Villager (Male) |
| 23:20 | Create | Unit 2626 |
| 23:20 | Create | Unit 2626 |
| 23:34 | Create | Galley |
| 23:49 | Create | Villager (Male) |
| 24:13 | Create | Galley |
| 24:14 | Create | Galley |
| 24:19 | Create | Villager (Male) |
| 24:43 | Create | Villager (Male) |
| 24:55 | Build | Town Center |
| 25:19 | Create | Galley |
| 25:20 | Create | Unit 2626 |
| 25:36 | Create | Villager (Male) |
| 25:49 | Build | Town Center |
| 26:05 | Create | Villager (Male) |
| 26:06 | Create | Villager (Male) |
| 26:22 | Create | Galley |
| 26:29 | Create | Galley |
| 26:30 | Create | Villager (Male) |
| 26:32 | Create | Villager (Male) |
| 27:03 | Create | Villager (Male) |
| 27:04 | Create | Villager (Male) |
| 27:05 | Create | Villager (Male) |
| 27:14 | Create | Galley |
| 27:15 | Create | Unit 2626 |
| 27:23 | Build | House |
| 27:39 | Create | Villager (Male) |
| 27:40 | Create | Villager (Male) |
| 28:02 | Create | Villager (Male) |
| 28:03 | Create | Villager (Male) |
| 28:05 | Create | Villager (Male) |
| 28:15 | Create | Galley |
| 28:21 | Build | Dock |
| 28:23 | Create | Villager (Male) |
| 28:24 | Create | Villager (Male) |
| 28:26 | Create | Villager (Male) |
| 28:28 | Build | Farm |
| 28:29 | Build | Farm |
| 28:30 | Build | Farm |
| 28:32 | Build | Farm |
| 28:34 | Build | Farm |
| 28:35 | Create | Villager (Male) |
| 28:38 | Create | Villager (Male) |
| 28:39 | Create | Villager (Male) |
| 28:40 | Create | Villager (Male) |
| 28:46 | Create | Villager (Male) |
| 28:49 | Create | Villager (Male) |
Build order — HR | piko
First 150 of 494 actions detected
| 0:16 | Build | Town Center |
| 0:57 | Build | Dock |
| 1:05 | Build | House |
| 2:35 | Create | Villager (Male) |
| 2:35 | Create | Villager (Male) |
| 2:35 | Create | Villager (Male) |
| 2:37 | Create | Villager (Male) |
| 3:51 | Create | Fishing Ship |
| 3:51 | Create | Fishing Ship |
| 3:51 | Create | Fishing Ship |
| 4:07 | Create | Villager (Male) |
| 4:18 | Build | House |
| 4:29 | Research | Loom |
| 4:58 | Create | Fishing Ship |
| 4:58 | Create | Fishing Ship |
| 5:08 | Create | Villager (Male) |
| 5:08 | Create | Villager (Male) |
| 5:09 | Create | Villager (Male) |
| 5:32 | Create | Villager (Male) |
| 5:32 | Create | Villager (Male) |
| 5:32 | Create | Villager (Male) |
| 5:51 | Create | Villager (Male) |
| 5:51 | Create | Villager (Male) |
| 5:51 | Create | Villager (Male) |
| 6:06 | Create | Fishing Ship |
| 6:06 | Create | Fishing Ship |
| 6:09 | Create | Villager (Male) |
| 6:09 | Create | Villager (Male) |
| 6:10 | Create | Villager (Male) |
| 6:24 | Create | Villager (Male) |
| 6:25 | Create | Villager (Male) |
| 6:26 | Build | House |
| 6:54 | Create | Villager (Male) |
| 6:55 | Create | Villager (Male) |
| 7:03 | Create | Villager (Male) |
| 7:03 | Create | Villager (Male) |
| 7:07 | Create | Fishing Ship |
| 7:07 | Create | Fishing Ship |
| 7:34 | Build | House |
| 7:36 | Create | Villager (Male) |
| 7:37 | Create | Villager (Male) |
| 7:37 | Create | Villager (Male) |
| 7:56 | Build | House |
| 8:02 | Create | Fishing Ship |
| 8:02 | Create | Fishing Ship |
| 8:02 | Create | Fishing Ship |
| 8:31 | Create | Villager (Male) |
| 8:32 | Create | Fishing Ship |
| 8:43 | Build | House |
| 8:54 | Create | Villager (Male) |
| 8:59 | Build | Palisade Wall |
| 9:28 | Create | Villager (Male) |
| 9:29 | Build | Lumber Camp |
| 10:07 | Build | House |
| 10:10 | Research | Feudal Age |
| 10:10 | Research | Feudal Age |
| 10:42 | Build | House |
| 10:58 | Build | Mining Camp |
| 11:01 | Create | Villager (Male) |
| 11:21 | Create | Villager (Male) |
| 11:41 | Build | Dock |
| 11:49 | Create | Fishing Ship |
| 11:49 | Create | Fishing Ship |
| 11:49 | Create | Fishing Ship |
| 11:49 | Create | Fishing Ship |
| 12:21 | Build | House |
| 12:22 | Age | Feudal Age |
| 12:27 | Create | Unit 2626 |
| 12:28 | Create | Unit 2626 |
| 12:44 | Create | Unit 2626 |
| 12:44 | Create | Unit 2626 |
| 12:49 | Create | Villager (Male) |
| 12:57 | Build | House |
| 13:01 | Create | Unit 2626 |
| 13:01 | Create | Unit 2626 |
| 13:04 | Create | Villager (Male) |
| 13:23 | Research | Double-Bit Axe |
| 13:23 | Research | Double-Bit Axe |
| 13:23 | Research | Double-Bit Axe |
| 13:25 | Create | Villager (Male) |
| 13:36 | Create | Unit 2626 |
| 13:37 | Create | Unit 2626 |
| 13:37 | Create | Unit 2626 |
| 13:39 | Create | Villager (Male) |
| 13:56 | Create | Unit 2626 |
| 13:56 | Create | Unit 2626 |
| 13:59 | Create | Villager (Male) |
| 14:12 | Create | Villager (Male) |
| 14:25 | Create | Fire Galley |
| 14:32 | Create | Unit 2626 |
| 14:39 | Create | Villager (Male) |
| 14:44 | Build | Mill |
| 15:06 | Create | Unit 2626 |
| 15:28 | Build | Blacksmith |
| 15:30 | Create | Villager (Male) |
| 15:43 | Build | House |
| 15:45 | Create | Villager (Male) |
| 16:06 | Build | Market |
| 16:15 | Build | House |
| 16:23 | Build | House |
| 16:24 | Build | House |
| 16:31 | Research | Town Watch |
| 16:44 | Build | Dock |
| 16:50 | Research | Castle Age |
| 16:50 | Research | Castle Age |
| 16:50 | Research | Castle Age |
| 16:58 | Create | Unit 2626 |
| 16:58 | Create | Unit 2626 |
| 17:20 | Create | Unit 2626 |
| 17:20 | Create | Unit 2626 |
| 17:30 | Create | Villager (Male) |
| 17:30 | Create | Villager (Male) |
| 17:33 | Research | Gold Mining |
| 17:33 | Research | Gold Mining |
| 17:45 | Create | Unit 2626 |
| 17:45 | Create | Unit 2626 |
| 17:45 | Create | Unit 2626 |
| 17:48 | Build | House |
| 17:51 | Create | Villager (Male) |
| 18:13 | Create | Unit 2626 |
| 18:13 | Create | Unit 2626 |
| 18:35 | Build | House |
| 18:39 | Create | Fishing Ship |
| 18:39 | Create | Fishing Ship |
| 18:40 | Create | Fishing Ship |
| 19:25 | Create | Fishing Ship |
| 19:25 | Create | Fishing Ship |
| 19:25 | Create | Fishing Ship |
| 19:30 | Age | Castle Age |
| 19:33 | Research | Bow Saw |
| 19:33 | Research | Bow Saw |
| 19:40 | Research | War Galley (upgrade) |
| 19:40 | Research | War Galley (upgrade) |
| 20:11 | Create | Unit 2626 |
| 20:11 | Create | Unit 2626 |
| 20:12 | Create | Unit 2626 |
| 20:12 | Create | Unit 2626 |
| 20:29 | Create | Unit 2626 |
| 20:30 | Create | Unit 2626 |
| 20:34 | Create | Villager (Male) |
| 20:43 | Create | Villager (Male) |
| 20:52 | Create | Unit 2626 |
| 21:13 | Create | Villager (Male) |
| 21:18 | Build | Town Center |
| 21:27 | Create | Unit 2626 |
| 21:27 | Create | Unit 2626 |
| 21:30 | Create | Demolition Raft |
| 21:30 | Create | Demolition Raft |
| 21:32 | Create | Villager (Male) |
| 21:46 | Create | Demolition Raft |
Build order — [ GG ] Modesto
First 150 of 272 actions detected
| 0:06 | Build | Town Center |
| 1:54 | Build | Dock |
| 1:58 | Build | House |
| 2:39 | Create | Villager (Male) |
| 2:40 | Create | Villager (Male) |
| 2:40 | Create | Villager (Male) |
| 2:40 | Create | Villager (Male) |
| 2:40 | Create | Villager (Male) |
| 3:25 | Build | Palisade Wall |
| 3:26 | Build | Palisade Wall |
| 3:44 | Create | Fishing Ship |
| 4:22 | Research | Loom |
| 4:33 | Build | Palisade Wall |
| 5:04 | Create | Villager (Male) |
| 5:04 | Create | Villager (Male) |
| 5:37 | Create | Fishing Ship |
| 5:38 | Create | Villager (Male) |
| 5:42 | Build | House |
| 5:53 | Create | Villager (Male) |
| 5:53 | Create | Villager (Male) |
| 6:17 | Create | Villager (Male) |
| 6:18 | Create | Fishing Ship |
| 6:39 | Create | Villager (Male) |
| 6:40 | Create | Villager (Male) |
| 6:54 | Build | House |
| 7:03 | Create | Villager (Male) |
| 7:15 | Create | Villager (Male) |
| 7:49 | Create | Villager (Male) |
| 7:55 | Create | Villager (Male) |
| 8:17 | Build | House |
| 8:32 | Build | Palisade Wall |
| 8:41 | Build | House |
| 8:48 | Create | Villager (Male) |
| 8:49 | Create | Villager (Male) |
| 8:56 | Build | House |
| 9:04 | Create | Villager (Male) |
| 9:08 | Build | House |
| 9:21 | Create | Fishing Ship |
| 9:29 | Build | House |
| 9:56 | Build | Mining Camp |
| 10:10 | Create | Villager (Male) |
| 10:38 | Create | Villager (Male) |
| 11:01 | Create | Villager (Male) |
| 11:11 | Research | Feudal Age |
| 11:33 | Build | House |
| 11:48 | Build | House |
| 12:10 | Build | Mill |
| 13:40 | Age | Feudal Age |
| 13:43 | Create | Villager (Male) |
| 13:51 | Build | Blacksmith |
| 14:00 | Build | Market |
| 14:03 | Create | Villager (Male) |
| 14:10 | Build | House |
| 14:15 | Build | House |
| 14:27 | Create | Villager (Male) |
| 14:35 | Create | Villager (Male) |
| 14:52 | Build | House |
| 15:19 | Research | Castle Age |
| 15:57 | Build | Mining Camp |
| 16:06 | Build | Lumber Camp |
| 17:14 | Build | House |
| 17:18 | Build | House |
| 17:19 | Build | House |
| 17:38 | Research | Double-Bit Axe |
| 17:48 | Create | Villager (Male) |
| 17:49 | Create | Villager (Male) |
| 18:03 | Age | Castle Age |
| 18:26 | Create | Villager (Male) |
| 18:33 | Build | Monastery |
| 18:56 | Build | Castle |
| 19:01 | Build | House |
| 19:08 | Build | Palisade Wall |
| 19:15 | Build | House |
| 19:17 | Build | Palisade Wall |
| 19:21 | Build | Palisade Wall |
| 19:24 | Build | Palisade Wall |
| 19:28 | Build | House |
| 19:33 | Build | Building 796 |
| 20:36 | Build | Palisade Wall |
| 20:44 | Create | Hussite Wagon |
| 20:53 | Create | Villager (Male) |
| 20:54 | Create | Villager (Male) |
| 21:00 | Create | Villager (Male) |
| 21:00 | Create | Villager (Male) |
| 21:10 | Research | Fervor |
| 21:32 | Build | Town Center |
| 21:36 | Create | Hussite Wagon |
| 21:36 | Create | Hussite Wagon |
| 21:44 | Research | Bow Saw |
| 21:45 | Create | Villager (Male) |
| 22:07 | Build | Town Center |
| 22:33 | Build | Mill |
| 22:42 | Create | Hussite Wagon |
| 22:43 | Create | Hussite Wagon |
| 22:44 | Create | Villager (Male) |
| 22:46 | Create | Villager (Male) |
| 23:10 | Build | Palisade Wall |
| 23:34 | Create | Villager (Male) |
| 23:45 | Build | Watch Tower |
| 23:49 | Create | Villager (Male) |
| 24:15 | Create | Hussite Wagon |
| 24:27 | Create | Villager (Male) |
| 24:39 | Build | House |
| 24:45 | Build | House |
| 24:47 | Build | Palisade Wall |
| 25:02 | Create | Villager (Male) |
| 25:03 | Create | Villager (Male) |
| 25:29 | Create | Hussite Wagon |
| 25:39 | Build | Watch Tower |
| 25:42 | Build | House |
| 25:44 | Create | Villager (Male) |
| 26:04 | Create | Villager (Male) |
| 26:11 | Build | House |
| 26:14 | Build | Palisade Wall |
| 26:16 | Build | Palisade Wall |
| 26:23 | Build | House |
| 26:38 | Create | Villager (Male) |
| 26:39 | Create | Villager (Male) |
| 26:40 | Create | Villager (Male) |
| 26:40 | Create | Villager (Male) |
| 27:20 | Research | Fletching |
| 27:28 | Build | Farm |
| 27:29 | Build | Farm |
| 27:30 | Build | Farm |
| 27:30 | Build | Farm |
| 27:31 | Build | Farm |
| 28:02 | Create | Villager (Male) |
| 28:08 | Build | Castle |
| 28:23 | Build | Barracks |
| 28:32 | Build | Castle |
| 28:37 | Create | Hussite Wagon |
| 28:37 | Create | Hussite Wagon |
| 28:37 | Create | Hussite Wagon |
| 28:39 | Create | Villager (Male) |
| 28:39 | Create | Villager (Male) |
| 28:43 | Create | Villager (Male) |
| 28:46 | Build | Farm |
| 28:47 | Build | Farm |
| 28:48 | Build | Farm |
| 28:48 | Build | Farm |
| 29:00 | Research | Horse Collar |
| 29:02 | Create | Villager (Male) |
| 29:11 | Create | Monk |
| 29:39 | Create | Villager (Male) |
| 29:41 | Create | Villager (Male) |
| 29:41 | Create | Villager (Male) |
| 29:43 | Build | Farm |
| 29:44 | Build | Farm |
| 29:45 | Build | Farm |
| 29:56 | Build | Town Center |
Match timeline
| 0:29 | HR petro · first_building Dock |
| 0:41 | ids_BARR2 · first_building Dock |
| 0:55 | Aleko · first_building Dock |
| 0:56 | River Plate 09-12-18 · first_building Dock |
| 0:57 | HR | piko · first_building Dock |
| 1:16 | Boogensville · first_building Dock |
| 1:28 | HR Fast_PIG · first_building Dock |
| 1:54 | [ GG ] Modesto · first_building Dock |
| 3:25 | [ GG ] Modesto · wall_segment Palisade Wall x1 |
| 3:26 | [ GG ] Modesto · wall_segment Palisade Wall x1 |
| 4:33 | [ GG ] Modesto · wall_segment Palisade Wall x1 |
| 4:34 | Aleko · wall_segment Palisade Wall x1 |
| 6:24 | Boogensville · wall_segment Palisade Wall x1 |
| 7:53 | HR Fast_PIG · wall_segment Palisade Wall x13 |
| 8:00 | Aleko · wall_segment Palisade Wall x9 |
| 8:32 | [ GG ] Modesto · wall_segment Palisade Wall x1 |
| 8:59 | HR | piko · wall_segment Palisade Wall x1 |
| 9:44 | Aleko · wall_segment Palisade Wall x4 |
| 9:59 | HR Fast_PIG · wall_segment Palisade Wall x8 |
| 10:03 | River Plate 09-12-18 · wall_segment Palisade Wall x1 |
| 10:05 | River Plate 09-12-18 · wall_segment Palisade Wall x1 |
| 10:55 | Boogensville · wall_segment Palisade Wall x1 |
| 11:03 | Boogensville · wall_segment Palisade Wall x1 |
| 11:04 | HR Fast_PIG · wall_segment Palisade Wall x1 |
| 11:05 | Boogensville · wall_segment Palisade Wall x1 |
| 11:06 | HR Fast_PIG · wall_segment Palisade Wall x1 |
| 11:08 | HR Fast_PIG · wall_segment Palisade Wall x1 |
| 12:22 | HR | piko · age_up feudal |
| 12:29 | HR Fast_PIG · age_up feudal |
| 12:54 | River Plate 09-12-18 · wall_segment Palisade Wall x1 |
| 13:11 | Boogensville · first_building Barracks |
| 13:20 | ids_BARR2 · age_up feudal |
| 13:21 | HR petro · age_up feudal |
| 13:30 | HR Fast_PIG · wall_segment Palisade Wall x1 |
| 13:35 | River Plate 09-12-18 · age_up feudal |
| 13:37 | HR Fast_PIG · wall_segment Palisade Wall x10 |
| 13:40 | [ GG ] Modesto · age_up feudal |
| 13:58 | Aleko · wall_segment Palisade Wall x10 |
| 14:05 | Aleko · wall_segment Palisade Wall x12 |
| 14:24 | Aleko · age_up feudal |
| 14:25 | HR petro · first_market_sell 100 wood |
| 14:29 | HR petro · first_market_buy 100 food |
| 14:31 | Boogensville · wall_segment Palisade Wall x1 |
| 14:40 | Boogensville · age_up feudal |
| 14:41 | Aleko · wall_segment Palisade Wall x1 |
| 14:50 | ids_BARR2 · first_building Barracks |
| 14:57 | HR petro · wall_segment Palisade Wall x4 |
| 15:11 | Aleko · first_market_sell 100 food |
| 15:47 | Aleko · wall_segment Stone Wall x7 |
| 15:58 | HR petro · wall_segment Palisade Wall x2 |
| 16:00 | HR petro · wall_segment Palisade Wall x4 |
| 16:11 | HR petro · wall_segment Palisade Wall x1 |
| 16:16 | HR Fast_PIG · first_market_sell 100 food |
| 16:17 | HR Fast_PIG · first_market_buy 100 stone |
| 16:19 | HR Fast_PIG · age_up castle |
| 16:21 | HR petro · wall_segment Palisade Wall x1 |
| 16:32 | HR Fast_PIG · first_building Castle |
| 16:58 | ids_BARR2 · age_up castle |
| 17:03 | River Plate 09-12-18 · first_market_buy 100 food |
| 17:06 | ids_BARR2 · first_market_sell 100 food |
| 17:18 | River Plate 09-12-18 · wall_segment Palisade Wall x1 |
| 17:19 | River Plate 09-12-18 · wall_segment Palisade Wall x1 |
| 17:21 | Boogensville · first_building Stable |
| 17:24 | ids_BARR2 · first_market_buy 100 wood |
| 17:25 | HR petro · age_up castle |
| 17:33 | ids_BARR2 · first_building Siege Workshop |
| 17:35 | HR petro · first_building Castle |
| 17:40 | Aleko · wall_segment Stone Wall x8 |
| 17:54 | Aleko · age_up castle |
| 17:58 | HR Fast_PIG · wall_segment Palisade Wall x7 |
| 18:01 | Boogensville · wall_segment Stone Wall x4 |
| 18:03 | [ GG ] Modesto · age_up castle |
| 18:13 | Boogensville · wall_segment Stone Wall x3 |
| 18:20 | ids_BARR2 · first_building Monastery |
| 18:33 | [ GG ] Modesto · first_building Monastery |
| 18:35 | HR Fast_PIG · first_building Siege Workshop |
| 18:50 | [ GG ] Modesto · first_market_buy 100 stone |
| 18:56 | [ GG ] Modesto · first_building Castle |
| 18:58 | HR Fast_PIG · wall_segment Palisade Wall x7 |
| 19:02 | Aleko · first_building Castle |
| 19:03 | Boogensville · age_up castle |
| 19:08 | [ GG ] Modesto · wall_segment Palisade Wall x1 |
| 19:17 | [ GG ] Modesto · wall_segment Palisade Wall x1 |
| 19:17 | Boogensville · wall_segment Palisade Wall x1 |
| 19:21 | [ GG ] Modesto · wall_segment Palisade Wall x1 |
| 19:24 | [ GG ] Modesto · wall_segment Palisade Wall x1 |
| 19:30 | HR | piko · age_up castle |
| 20:36 | [ GG ] Modesto · wall_segment Palisade Wall x2 |
| 20:40 | HR | piko · first_market_buy 100 wood |
| 20:47 | Boogensville · first_building Siege Workshop |
| 21:02 | HR Fast_PIG · first_building Monastery |
| 21:06 | River Plate 09-12-18 · age_up castle |
| 21:07 | [ GG ] Modesto · first_market_sell 100 wood |
| 21:37 | River Plate 09-12-18 · first_building Castle |
| 21:49 | HR petro · first_building Siege Workshop |
| 22:15 | Boogensville · first_market_sell 100 wood |
| 22:16 | Boogensville · first_market_buy 100 stone |
| 22:44 | Aleko · first_market_buy 100 food |
| 23:10 | [ GG ] Modesto · wall_segment Palisade Wall x1 |
| 23:44 | River Plate 09-12-18 · first_market_sell 100 stone |
| 24:05 | HR | piko · first_building Monastery |
| 24:07 | River Plate 09-12-18 · wall_segment Stone Wall x7 |
| 24:47 | [ GG ] Modesto · wall_segment Palisade Wall x1 |
| 25:34 | Boogensville · wall_segment Palisade Wall x3 |
| 26:14 | [ GG ] Modesto · wall_segment Palisade Wall x1 |
| 26:16 | [ GG ] Modesto · wall_segment Palisade Wall x1 |
| 27:56 | Aleko · first_building Barracks |
| 27:58 | River Plate 09-12-18 · age_up imperial |
| 28:09 | Boogensville · first_building Castle |
| 28:23 | [ GG ] Modesto · first_building Barracks |
| 28:40 | HR | piko · first_building Castle |
| 28:48 | Aleko · first_building Stable |
| 28:51 | River Plate 09-12-18 · wall_segment Stone Wall x3 |
| 29:27 | River Plate 09-12-18 · wall_segment Stone Wall x1 |
| 30:06 | River Plate 09-12-18 · wall_segment Stone Wall x3 |
| 30:48 | HR | piko · wall_segment Stone Wall x1 |
| 30:51 | HR | piko · wall_segment Stone Wall x1 |
| 31:38 | HR | piko · first_market_sell 100 food |
| 32:11 | [ GG ] Modesto · first_building Stable |
| 32:33 | HR | piko · first_building Barracks |
| 33:15 | Aleko · age_up imperial |
| 33:19 | ids_BARR2 · first_building Castle |
| 33:20 | HR Fast_PIG · age_up imperial |
| 34:31 | HR | piko · first_building Stable |
| 34:33 | HR | piko · first_building Archery Range |
| 34:50 | HR | piko · age_up imperial |
| 34:53 | HR petro · first_building Monastery |
| 38:41 | ids_BARR2 · first_building Archery Range |
| 39:32 | HR | piko · tribute_sent a jugador 1 |
| 39:32 | HR | piko · tribute_sent a jugador 2 |
| 39:32 | HR | piko · tribute_sent a jugador 3 |
| 39:32 | HR | piko · tribute_sent a jugador 4 |
| 39:32 | HR | piko · tribute_sent a jugador 5 |
| 39:32 | HR | piko · tribute_sent a jugador 6 |
| 39:32 | HR | piko · tribute_sent a jugador 8 |
| 39:54 | HR Fast_PIG · resign |
| 40:28 | River Plate 09-12-18 · first_building Barracks |
[ AI ANALYSIS · 1 CREDIT ]
What really happened in this match?
Wolo.gg analyzes every decision: build order, eco, micro, common mistakes by bracket. Personalized analysis on WhatsApp or Discord in 30 seconds.
Civ guide
Mongols
Perfil
Boogensville